 Dungeon Crawl Stone Soup version 0.17.0-57-g0e89251 (webtiles) character file.

49 dohliylev the Sneak (level 3, 0/27 HPs)
             Began as a Vampire Assassin on Dec 8, 2015.
             Was an Initiate of Dithmenos.
             Slain by an adder (1 damage)
             ... on level 2 of the Dungeon.
             The game lasted 00:07:37 (1640 turns).

dohliylev the Sneak (Vampire Assassin)              Turns: 1640, Time: 00:07:38

Health: 0/27       AC:  3    Str: 10    XL:     3   Next: 51%
Magic:  3/3        EV: 12    Int: 13    God:    Dithmenos [......]
Gold:   145        SH:  0    Dex: 16    Spells: 0 memorised, 2 levels left

rFire  . . .     SeeInvis +     s - -3 dagger (curse)
rCold  + . .     Clarity  .     c - +0 robe
rNeg   + + .     SustAt   .     (no shield)
rPois  +         Gourm    .     (no helmet)
rElec  .         Spirit   .     d - +0 cloak
rCorr  .         Warding  .     (no gloves)
rMut   .         Stasis   .     (no boots)
MR     .....                    (no amulet)
Stlth  ++++......               (no ring)
                                (no ring)

@: regenerating slowly, not resistant to hostile enchantments, stealthy
A: fangs 3, see invisible, unbreathing
a: Bat Form, Renounce Religion


You were on level 2 of the Dungeon.
You worshipped Dithmenos.
Dithmenos was noncommittal.
You were very thirsty.

You visited 1 branch of the dungeon, and saw 3 of its levels.

You collected 145 gold pieces.

Inventory:

Hand Weapons
 a - a +2 dagger
 b - a +0 blowgun
 s - a cursed -3 dagger (weapon)
Missiles
 e - 7 poisoned needles
 f - 2 curare-tipped needles
Armour
 c - a +0 robe (worn)
 d - a +0 cloak (worn)
 l - a +0 shield
Scrolls
 i - a scroll of enchant armour
 j - a scroll of teleportation
 o - a scroll of blinking
 r - a scroll of magic mapping {unknown}
 t - a scroll of recharging {unknown}
Potions
 g - 16 potions of blood
 h - 3 potions of agility {unknown}
 k - a potion of curing {unknown}
 m - 2 potions of haste {unknown}
 p - a potion of lignification {unknown}
 q - a potion of mutation {unknown}


   Skills:
 + Level 2.1 Fighting
 + Level 2.4 Short Blades
 + Level 1.5 Throwing
 + Level 2.0 Dodging
 + Level 7.1 Stealth


You had 2 spell levels left.
You didn't know any spells.

Dungeon Overview and Level Annotations

Branches:
Dungeon (3/15)

Altars:
Dithmenos


Innate Abilities, Weirdness & Mutations

You heal slowly.
You have razor-sharp teeth.
You have supernaturally acute eyesight.
You can survive without breathing.


Message History

The giant cockroach is heavily wounded.
The giant cockroach misses you. The adder bites you.
* * * LOW HITPOINT WARNING * * *
You hit the giant cockroach.
The giant cockroach is heavily wounded.
The giant cockroach bites you but does no damage.
The adder closely misses you.
You barely miss the giant cockroach.
The giant cockroach is heavily wounded.
The giant cockroach bites you but does no damage.
The adder bites you.
* * * LOW HITPOINT WARNING * * *
You hit the giant cockroach but do no damage.
The giant cockroach is heavily wounded.
The giant cockroach barely misses you. The adder barely misses you.
You closely miss the giant cockroach. You bite the giant cockroach.
The giant cockroach is almost dead.
The giant cockroach closely misses you. The adder barely misses you.
The giant cockroach closely misses you. The adder bites you.
You die...

###.#.########..........##
#.# #.#.# ##.###..####
#.## #.#.# #.# #..# #...
#>#)# #.###..### ####
#.#.# #........# #.#.#
##.#####.# # #.#.# #.# #.#
###.#.# #s# #.# .##.#.#
#@# #.# .##...# #S# #.# #
.####### #.# #.# #
.......# #.# ###.# #
.#####[# #.# #...# # .#
#.# #.# #.### # ## #.#
##.###(# # #.# #...##.# #
# #.# #......# #


You could see an adder and a giant cockroach.

Vanquished Creatures
  An adder (D:2)
  2 giant geckos
  A ball python (D:3)
  A giant cockroach (D:2)
  4 goblins
  5 hobgoblins
  10 kobolds
  A quokka (D:2)
  5 bats
  3 giant newts
  2 rats
35 creatures vanquished.

Notes
Turn   | Place    | Note
--------------------------------------------------------------
     0 | D:1      | dohliylev the Vampire Assassin began the quest for the Orb.
     0 | D:1      | Reached XP level 1. HP: 16/16 MP: 1/1
     6 | D:1      | Reached skill level 6 in Stealth
   329 | D:1      | Reached XP level 2. HP: 22/22 MP: 2/2
   746 | D:2      | HP: 1/22 [kobold/short sword (4)]
  1015 | D:2      | Reached XP level 3. HP: 18/27 MP: 3/3
  1076 | D:2      | Found a shadowy altar of Dithmenos.
  1084 | D:2      | Became a worshipper of Dithmenos the Shadowed
  1088 | D:2      | Reached skill level 7 in Stealth
  1638 | D:2      | HP: 1/27 [adder (3)]
  1640 | D:2      | Slain by an adder

Action                   || total
-------------------------++-------
Melee: Dagger            ||   110
 Fire: Blowgun           ||     1
  Use: Scroll            ||     3
 Stab: Sleeping          ||    13
